 Seeded DCSS version 0.29.1-15-g9cfb28693d (webtiles) character file.

Game seed: 5438900976079336338 (custom seed)

74890 Psyclone the Thaumaturge (level 15, -5/96 HPs)
             Began as a Deep Elf Venom Mage on Sept 25, 2023.
             Was a Believer of Ashenzari.
             Slain by a skeletal warrior
             ... wielding a +0 battleaxe
              (23 damage)
             ... on level 12 of the Dungeon.
             The game lasted 01:49:25 (29820 turns).

Psyclone the Thaumaturge (Deep Elf Venom Mage)     Turns: 29820, Time: 01:49:25

Health: -5/96      AC: 17    Str:  5    XL:     15   Next: 8%
Magic:  20/38      EV: 15    Int: 35    God:    Ashenzari [**....]
Gold:   3441       SH:  5    Dex: 15    Spells: 19/48 levels left

rFire   + + .      SeeInvis +   k - +2 dagger (venom)
rCold   . . .      Faith    .   u - +0 buckler
rNeg    . . .      Spirit   .   a - +2 robe {Will+}
rPois   .          Reflect  .   t - +0 helmet {Int+3}
rElec   .          Harm     .   y - +3 cloak "Eternal Paranoia" {rF++ Will+, Elem, Self} (curse)
rCorr   +          Rampage  .   Z - +2 pair of gloves
Will    ++++.      Archmagi +   X - +0 pair of boots
Stlth   ++........              M - amulet of the acrobat
HPRegen 0.26/turn               B - ring of the Mage {Wiz Archmagi, Alch, Self} (curse)
MPRegen 0.26/turn               O - ring of Ashenzari's Regret {Will+ rCorr AC+4 Int+4, Alch, Self} (curse)

@: no status effects
A: no striking features
a: Renounce Religion, Curse Item, Shatter the Chains


You were on level 12 of the Dungeon.
You worshipped Ashenzari.
Ashenzari was pleased with you.
You visited 4 branches of the dungeon, and saw 20 of its levels.
You also visited: Gauntlet.

You collected 3441 gold pieces.

Inventory:

Hand Weapons
 k - a +2 dagger of venom (weapon)
Missiles
 n - a throwing net {!f}
 J - 8 curare-tipped darts
Armour
 a - a +2 robe of willpower (worn)
 t - a +0 helmet of intelligence (worn)
 u - a +0 buckler (worn)
 y - the cursed +3 cloak "Eternal Paranoia" (worn) {rF++ Will+, Elem, Self}
   (You found it in a Gauntlet)

   rF:        It greatly protects you from fire.
   Will:      It increases your willpower.
   It has a curse which improves the following skills: Elements: Fire Magic, Ice
   Magic, Air Magic and Earth Magic.
   Introspection: Fighting and Spellcasting.
 U - a +0 kite shield of reflection
 X - a +0 pair of boots (worn)
 Z - a +2 pair of gloves (worn)
Magical Staves
 f - a staff of fire
Jewellery
 B - the cursed ring of the Mage (left hand) {Wiz Archmagi, Alch, Self}
   (You took it off a hobgoblin on level 4 of the Dungeon)

   [ring of wizardry]

   It improves your spell success rate.
   Archmagi:  It increases the power of your magical spells.
   It has a curse which improves the following skills: Alchemy: Poison Magic and
   Transmutations.
   Introspection: Fighting and Spellcasting.
 M - an amulet of the acrobat (around neck)
 N - a ring of flight
 O - the cursed ring of Ashenzari's Regret (right hand) {Will+ rCorr AC+4 Int+4, Alch, Self}
   (You acquired it on level 8 of the Dungeon)

   [ring of protection]

   AC:        It affects your AC (+4).
   Int:       It affects your intelligence (+4).
   rCorr:     It protects you from acid and corrosion.
   Will:      It increases your willpower.
   It has a curse which improves the following skills: Alchemy: Poison Magic and
   Transmutations.
   Introspection: Fighting and Spellcasting.
Wands
 G - a wand of mindburst (32)
 Q - a wand of charming (24)
 W - a wand of flame (2)
Scrolls
 c - 12 scrolls of teleportation
 d - 2 scrolls of brand weapon
 e - 3 scrolls of enchant armour
 h - a scroll of silence {!r}
 i - 2 scrolls of immolation
 j - 2 scrolls of amnesia
 l - 3 scrolls of noise
 o - 3 scrolls of poison
 q - 4 scrolls of vulnerability
 A - a scroll of magic mapping
 D - 5 scrolls of enchant weapon
 H - 10 scrolls of identify {@r1}
 T - a scroll of fear
 Y - 2 scrolls of summoning
Potions
 b - 4 potions of magic
 g - 2 potions of berserk rage
 m - 7 potions of flight
 p - 3 potions of might
 r - 2 potions of ambrosia
 s - 10 potions of curing
 v - 11 potions of heal wounds
 w - 2 potions of attraction
 x - 2 potions of haste
 z - a potion of brilliance
 C - a potion of resistance
 E - 3 potions of degeneration
 F - 3 potions of mutation
 I - 2 potions of lignification
 P - 3 potions of invisibility


   Skills:
 - Level 9.5(12.0) Fighting
 - Level 8.0 Dodging
 - Level 2.4 Stealth
 - Level 4.0 Shields
 - Level 14.6(17.0) Spellcasting
 + Level 10.0 Conjurations
 - Level 8.6(10.5) Transmutations
 + Level 9.9(11.1) Fire Magic
 + Level 8.4(9.7) Ice Magic
 + Level 9.6(10.9) Air Magic
 + Level 9.8(11.7) Poison Magic


You had 19 spell levels left.
You knew the following spells:

 Your Spells              Type           Power      Damage    Failure   Level
a - Poisonous Vapours     Pois/Air       100%       N/A       0%          2
b - Sticky Flame          Conj/Fire      100%       2d11      1%          4
c - Conjure Flame         Conj/Fire      100%       6-21      1%          3
d - Mephitic Cloud        Conj/Pois/Air  100%       N/A       1%          3
e - Fulminant Prism       Conj/Hex       38%        3d18      1%          4
f - Freezing Cloud        Conj/Ice/Air   50%        6-21      1%          5
s - Ignite Poison         Fire/Tmut/Pois 100%       N/A       1%          3
v - Sting                 Tmut/Pois      100%       1d8       0%          1
x - Olgreb's Toxic Radia  Pois           100%       N/A       1%          4

Your spell library contained the following spells:

 Spells                   Type           Power      Damage    Failure   Level
 Scorch                   Fire           100%       2d10      0%          2
 Freeze                   Ice            100%       1d11      1%          1
 Call Canine Familiar     Summ           44%        N/A       1%          3
 Frozen Ramparts          Ice            100%       1d16      1%          3
 Portal Projectile        Hex/Tloc       88%        N/A       1%          3
 Corpse Rot               Necr/Pois/Air  89%        N/A       1%          4
 Flame Wave               Conj/Fire      100%       2d21      1%          4
 Hailstorm                Conj/Ice       99%        3d19      1%          4
 Ice Form                 Ice/Tmut       100%       N/A       1%          4
 Iskenderun's Mystic Bla  Conj/Tloc      77%        2d15      1%          4
 Dispel Undead            Necr           44%        3d17      6%          4
 Leda's Liquefaction      Hex/Erth       22%        N/A       6%          4
 Simulacrum               Ice/Necr       38%        N/A       13%         6
 Lee's Rapid Deconstruct  Erth           23%        3d14*     16%         5
 Death Channel            Necr           22%        N/A       65%         6
 Summon Cactus Giant      Summ           22%        N/A       65%         6


Dungeon Overview and Level Annotations

Branches:
Dungeon (12/15) Zot: 26539  Temple (1/1) D:5 Zot: 5735    Lair (5/5) D:10 Zot: 20065
 Shoals (0/4) Lair:3       Spider (0/4) Lair:3        Slime (0/5) Lair:4
    Orc (2/2) D:9 Zot: 9289     Elf (0/3) Orc:2       Gauntlet (visited)

Altars:
Ashenzari
Cheibriados
Dithmenos
Elyvilon
Fedhas
Gozag
Hepliaklqana
Kikubaaqudgha
Makhleb
Nemelex Xobeh
Okawaru
Qazlal
Ru
Sif Muna
Trog
Uskayaw
Vehumet
Wu Jian
Xom
Yredelemnul
Zin
The Shining One
Jiyva

Shops:
D:4 :   D:6 *   D:11 *   Orc:1 (   Orc:2 (*(=

Portals:
Trove: D:11 (give 7 scrolls of butterflies)

Annotations:
D:6 3 runed translucent doors, ShadowTiger's ghost, novice DrAK; Wentworth's ghost, novice MiFi
D:7 croobank's ghost, novice DjFE
Lair:1 2 transporters
Lair:3 1 runed translucent door, Qililel's ghost, journeyman NaFi
Lair:4 exclusion: downstairs
Lair:5 1 runed translucent door, Thalamas's ghost, journeyman MiBe


Message History

The skeletal warrior is engulfed in blazing flames.
The skeletal warrior attacks as you move away!
The skeletal warrior hits you with a +0 battleaxe.
The skeletal warrior is engulfed in blazing flames.
You destroy the skeletal warrior!
Your Conjurations skill increases to level 10!
You take 1 damage, and have 51/96 hp.
Casting: Ignite Poison (safe; 1% risk of failure)
Confirm with . or Enter, or press ? or * to list all spells.
Aiming: Mephitic Cloud (safe; 1% risk of failure)
Press: ? - help, Shift-Dir - straight line, f - skeletal warrior
Aim: a skeletal warrior, wielding a +0 battleaxe (moderately damaged, not susceptible)
Okay, then.
The skeletal warrior attacks as you move away!
The skeletal warrior closely misses you.
Casting: Mephitic Cloud (safe; 1% risk of failure)
Confirm with . or Enter, or press ? or * to list all spells.
Aiming: Mephitic Cloud (safe; 1% risk of failure)
Press: ? - help, Shift-Dir - straight line You feel a surge of power!
The ball explodes into a vile cloud!
The stinking cloud engulfs the skeletal warrior but does no damage.
The skeletal warrior is lightly damaged.
The skeletal warrior hits you with a +0 battleaxe!
You take 16 damage, and have 35/96 hp.
You now have 22/38 mp.
Casting: Mephitic Cloud (safe; 1% risk of failure)
Confirm with . or Enter, or press ? or * to list all spells.
You feel a surge of power!
You ignite the poison in your surroundings!
The skeletal warrior barely misses you.
The skeletal warrior is engulfed in blazing flames.
The skeletal warrior hits you with a +0 battleaxe!
* * * LOW HITPOINT WARNING * * *
You take 14 damage, and have 21/96 hp.
You now have 19/38 mp.
You hit the skeletal warrior but do no damage.
The skeletal warrior is moderately damaged.
The skeletal warrior hits you from afar with a +0 glaive.
* * * LOW HITPOINT WARNING * * *
The skeletal warrior is engulfed in blazing flames.
The skeletal warrior hits you with a +0 battleaxe!!
You die...

.............., , , *
.))))......... , , , *
#'##......#########' * **
,
...#......#.......#.......
...#......'.......#.../...
,
####...>..##'##...#.......
...##'##......#...#..... *
....#..#......#..##.... ,
....#..'......#.@# z.#* *
*
....#..#......#§z##.z###..
,
....#..#......#§§z{)......
,
#'###..#......#####.......
,
...##..#######....#...##..
....#.....# #....#+###* ,
, ....#.....# #....# , ,
....#.....# #....#,, ,,
##.####..## #....#, *


You could see 2 skeletal warriors.

Vanquished Creatures
  Donald (Orc:2)
  A minotaur (Gauntlet)
  A fire dragon (Lair:5)
  6 hydras
  3 catoblepae
  Erica (D:8)
  4 two-headed ogres
  A tengu warrior (D:10)
  3 death yaks (Lair:4)
  An orc high priest (Orc:2)
  A skeletal warrior (D:12)
  A swamp dragon (Lair:5)
  2 lindwurms (Lair:4)
  2 orc knights (Orc:2)
  2 wolf spiders
  A deep elf pyromancer (D:7)
  2 cyclopes
  2 ugly things
  5 orc sorcerers
  A manticore (D:12)
  An oklob plant (Gauntlet)
  4 elephants (Lair:4)
  A guardian serpent (Lair:5)
  14 black mambas
  A merfolk siren (Lair:3)
  Joseph (D:8)
  A gargoyle (Gauntlet)
  14 cane toads
  2 unseen horrors (D:10)
  A torpor snail (Lair:5)
  Psyche (D:8)
  3 rime drakes (Lair:5)
  15 komodo dragons
  2 minotaur zombies (Gauntlet)
  2 kobold demonologists
  4 trolls
  4 polar bears
  3 blink frogs (Lair:5)
  6 hornets
  2 raiju (Gauntlet)
  12 dream sheep
  A jumping spider (Lair:3)
  6 centaur simulacra (D:11)
  58 yaks
  9 basilisks
  18 wyverns
  4 steam dragons
  3 redbacks (Lair:5)
  5 wargs
  5 acid dragons
  23 water moccasins
  An ice beast (D:11)
  A swamp drake (Lair:5)
  A sky beast (D:7)
  26 orc warriors
  4 black bears
  5 ogres
  22 wolves
  7 centaurs
  4 kobold brigands
  9 bullfrogs
  2 necrophages
  A gnoll sergeant (D:5)
  3 scorpions
  7 wights (D:9)
  18 killer bees
  3 electric eels
  3 howler monkeys
  6 centaur zombies (D:9)
  5 jellies
  33 orc priests
  3 hounds
  9 iguanas
  48 orc wizards
  Natasha (thrice) (D:2)
  6 hell rats (Lair:2)
  4 troll simulacra (D:11)
  2 lightning spires (Gauntlet)
  2 howler monkey zombies (D:9)
  7 gnolls
  12 adders
  A naga simulacrum (D:11)
  2 shadow imps
  A howler monkey simulacrum (D:11)
  6 white imps
  69 orcs
  8 bats
  8 endoplasms
  3 giant cockroaches
  7 hobgoblins
  24 kobolds
  3 quokkas
  6 ball pythons
  A frilled lizard (D:2)
  6 goblins
  7 rats
676 creatures vanquished.

Vanquished Creatures (others)
  A killer bee (D:11)
  A bush (Lair:3)
  9 fulminant prisms (Gauntlet)
  43 fungi
  164 plants
  22 withered plants
240 creatures vanquished.

Grand Total: 916 creatures vanquished

Notes
Turn   | Place    | Note
-------+----------+-------------------------------------------
     0 | D:1      | Psyclone the Deep Elf Venom Mage began the quest for the
                  | Orb.
     0 | D:1      | Reached XP level 1. HP: 10/10 MP: 6/6
   868 | D:1      | Reached XP level 2. HP: 15/15 MP: 5/8
   907 | D:1      | Learned a level 2 spell: Poisonous Vapours
  1179 | D:1      | Found a faded altar of an unknown god.
  2074 | D:2      | Reached XP level 3. HP: 19/19 MP: 6/9
  2139 | D:2      | Noticed Natasha
  2481 | D:3      | Identified the +1 scale mail of an ossuary {Int+6 Stlth+}
  2686 | D:3      | Found a burning altar of Makhleb.
  2937 | D:3      | Reached skill level 5 in Poison Magic
  3028 | D:3      | Reached XP level 4. HP: 12/24 MP: 1/10
  4007 | D:2      | Killed Natasha
  4325 | D:2      | Noticed Natasha
  4333 | D:2      | Killed Natasha
  4334 | D:2      | Reached XP level 5. HP: 26/28 MP: 3/11
  4342 | D:2      | Noticed Natasha
  4355 | D:2      | Killed Natasha
  4775 | D:4      | Found Bihosch's Self-Improvement Boutique.
  4794 | D:4      | Got Webumy's Dissertation on Incandescence
  4800 | D:4      | Learned a level 4 spell: Olgreb's Toxic Radiance
  4804 | D:4      | Learned a level 3 spell: Ignite Poison
  5207 | D:4      | Reached XP level 6. HP: 32/32 MP: 4/12
  5538 | D:4      | HP: 1/27 [necrophage (6)]
  5759 | D:4      | Identified a scroll of acquirement
  5759 | D:4      | Acquired 1202 gold pieces
  5794 | D:5      | Entered Level 5 of the Dungeon
  5804 | D:5      | Found a staircase to the Ecumenical Temple.
  5818 | Temple   | Entered the Ecumenical Temple
  6028 | Temple   | Became a worshipper of Ashenzari the Shackled
  6112 | D:5      | Reached XP level 7. HP: 36/36 MP: 0/13
  6416 | D:5      | Reached skill level 4 in Spellcasting
  6571 | D:5      | Reached skill level 5 in Spellcasting
  7316 | D:6      | Reached skill level 6 in Spellcasting
  7316 | D:6      | Reached skill level 1 in Fire Magic
  7466 | D:6      | Reached XP level 8. HP: 37/41 MP: 11/19
  7517 | D:6      | Found Qaesud's Lightly-Used Armoury.
  7999 | D:6      | Found a runed translucent gate.
  8004 | D:6      | Learned a level 3 spell: Mephitic Cloud
  8004 | D:6      | Found a runed translucent gate.
  8005 | D:6      | Found a runed translucent gate.
  8008 | D:6      | Noticed Wentworth's ghost (novice MiFi)
  8008 | D:6      | Noticed ShadowTiger's ghost (novice DrAK)
  8272 | D:7      | Reached skill level 1 in Fighting
  8703 | D:7      | Noticed a deep elf pyromancer
  8706 | D:7      | Killed a deep elf pyromancer
  8707 | D:7      | Reached XP level 9. HP: 34/51 MP: 12/20
  8837 | D:7      | Noticed croobank's ghost (novice DjFE)
  9303 | D:7      | Reached skill level 5 in Fighting
  9361 | D:7      | Found a runed translucent door.
 10297 | D:8      | Acquired the ring of Gairupn {Will+ rCorr AC+4 Int+4}
 10307 | D:8      | Learned a level 4 spell: Sticky Flame
 10329 | D:8      | Noticed Joseph
 10334 | D:8      | Killed Joseph
 10335 | D:8      | Reached skill level 7 in Spellcasting
 10477 | D:8      | Noticed Psyche
 10480 | D:8      | Killed Psyche
 10809 | D:8      | Noticed Erica
 10814 | D:8      | Killed Erica
 10815 | D:8      | Reached skill level 8 in Spellcasting
 10815 | D:8      | Reached XP level 10. HP: 61/61 MP: 10/24
 11945 | D:9      | Reached skill level 9 in Spellcasting
 11945 | D:9      | Found a staircase to the Orcish Mines.
 12306 | D:9      | Reached skill level 10 in Spellcasting
 12316 | D:9      | Reached skill level 5 in Fire Magic
 12325 | D:9      | Reached XP level 11. HP: 39/68 MP: 4/27
 12695 | D:9      | Noticed a two-headed ogre
 12698 | D:9      | Killed a two-headed ogre
 12699 | D:9      | Reached skill level 5 in Transmutations
 12996 | D:10     | Entered Level 10 of the Dungeon
 13304 | D:10     | Learned a level 3 spell: Conjure Flame
 13405 | D:10     | Noticed a tengu warrior
 13405 | D:10     | Noticed a two-headed ogre
 13409 | D:10     | Killed a tengu warrior
 13411 | D:10     | Killed a two-headed ogre
 13962 | D:10     | Found a staircase to the Lair.
 14184 | D:10     | Noticed a two-headed ogre
 14187 | D:10     | Killed a two-headed ogre
 14188 | D:10     | Reached skill level 11 in Spellcasting
 14303 | D:10     | Found a hazy altar of Hepliaklqana.
 14393 | D:10     | Reached skill level 1 in Conjurations
 14493 | Orc:1    | Entered Level 1 of the Orcish Mines
 14504 | Orc:1    | Reached skill level 1 in Air Magic
 14938 | Orc:1    | Found Ximoni Xirul's Antique Weapon Shoppe.
 14941 | Orc:1    | Noticed an orc sorcerer
 14948 | Orc:1    | Killed an orc sorcerer
 14949 | Orc:1    | Reached XP level 12. HP: 47/77 MP: 21/30
 14959 | Orc:1    | Reached skill level 12 in Spellcasting
 15563 | Orc:2    | Entered Level 2 of the Orcish Mines
 15577 | Orc:2    | Noticed Donald
 15580 | Orc:2    | Killed Donald
 15710 | Orc:2    | Found Ufuept's Antique Weapon Shoppe.
 15863 | Orc:2    | Found a staircase to the Elven Halls.
 15865 | Orc:2    | Reached skill level 13 in Spellcasting
 16237 | Orc:2    | Reached skill level 14 in Spellcasting
 16561 | Orc:2    | Noticed an orc high priest
 16564 | Orc:2    | Killed an orc high priest
 17188 | Orc:2    | Found Duot's Jewellery Emporium.
 17188 | Orc:2    | Found Amawoit's Armour Shoppe.
 17188 | Orc:2    | Found Qaixa's Assorted Antiques.
 17191 | Orc:2    | Found Deaboo's Antique Weapon Emporium.
 17460 | Lair:1   | Entered Level 1 of the Lair of Beasts
 17566 | Lair:1   | Reached skill level 5 in Air Magic
 17761 | Lair:1   | Found a transporter.
 17797 | Lair:1   | Found a transporter.
 17807 | Lair:1   | Noticed a five-headed hydra
 17820 | Lair:1   | Killed a five-headed hydra
 18112 | Lair:1   | Learned a level 5 spell: Freezing Cloud
 18210 | Lair:1   | Reached skill level 1 in Shields
 18317 | Lair:1   | Reached skill level 1 in Ice Magic
 18945 | Lair:2   | Reached XP level 13. HP: 63/82 MP: 26/34
 19858 | Lair:2   | Reached * piety under Ashenzari
 20456 | Lair:3   | Found a hole to the Spider Nest.
 20660 | Lair:3   | Found a staircase to the Shoals.
 20694 | Lair:3   | Found a runed translucent door.
 20705 | Lair:3   | Noticed Qililel's ghost (journeyman NaFi)
 21355 | Lair:3   | Learned a level 4 spell: Fulminant Prism
 21853 | Lair:4   | Reached skill level 5 in Conjurations
 22103 | Lair:4   | Found a viscous altar of Jiyva.
 22103 | Lair:4   | Found a staircase to the Slime Pits.
 23011 | Lair:4   | Reached skill level 5 in Ice Magic
 23372 | Lair:5   | Entered Level 5 of the Lair of Beasts
 23737 | Lair:5   | Reached XP level 14. HP: 79/88 MP: 10/35
 24473 | Lair:5   | Found a runed translucent door.
 24475 | Lair:5   | Found a shimmering altar of Xom.
 24475 | Lair:5   | Noticed Thalamas's ghost (journeyman MiBe)
 27483 | D:11     | Found a portal to a secret trove of treasure.
 27486 | D:11     | Found a gate leading to a gauntlet.
 27497 | Gauntlet | Entered a Gauntlet
 27497 | Gauntlet | Found a transporter.
 27505 | Gauntlet | Found a transporter.
 27507 | Gauntlet | Found a transporter.
 27514 | Gauntlet | Found a transporter.
 27529 | Gauntlet | Found a transporter.
 27531 | Gauntlet | Identified the ring of Duimesk {MP+9 Int+4 SInv}
 27534 | Gauntlet | Found a transporter.
 27551 | Gauntlet | Found a transporter.
 27576 | Gauntlet | Found a transporter.
 27585 | Gauntlet | Found a transporter.
 27590 | Gauntlet | Found a transporter.
 27611 | Gauntlet | Found a transporter.
 27616 | Gauntlet | Found a transporter.
 27632 | Gauntlet | Identified the amulet of Viliashru {Faith Will+ Str+6}
 27639 | Gauntlet | Identified the +3 cloak of Zudd {rF++ Will+}
 27641 | Gauntlet | Found a transporter.
 27646 | Gauntlet | Found a transporter.
 27648 | Gauntlet | Found a transporter.
 27669 | Gauntlet | Found a transporter.
 27676 | Gauntlet | Found a transporter.
 27685 | Gauntlet | Identified the ring of Benoun {rElec Will- MP+9 Str+2
                  | Slay+5}
 27719 | Gauntlet | Found a transporter.
 27753 | Gauntlet | Identified the +3 plate armour of Dishonesty {rN+ Dex+4}
 29080 | D:11     | Reached XP level 15. HP: 93/93 MP: 31/36
 29148 | D:11     | Reached ** piety under Ashenzari
 29282 | D:11     | Found Plog's Demolitions Depot.
 29817 | D:12     | Reached skill level 10 in Conjurations
 29820 | D:12     | Slain by a skeletal warrior

Illustrated notes

Levels and vault maps discovered:
D:1:      kennysheep_arrival_forest, layout_loops_ring,
          dilly_ecumenical_altar_fadedgnrine
D:2:      layout_basic, serial_park_tiny_1, uniq_natasha
D:3:      layout_loops_ring, marbit_many_paths, kennysheep_nub
D:4:      layout_basic, nicolae_shop_self_help
D:5:      layout_cave_pools, minmay_temple_entry_offerings
D:6:      layout_loops_corners, gammafunk_ghost_cemetery, minivault_25,
          minmay_shop_damaged, minmay_bent
D:7:      layout_basic, hellmonk_ghost_happy_afterlife, serial_bayou_pond_e,
          guppyfry_early_elven_hall
D:8:      layout_basic, uniq_psyche, uniq_joseph, uniq_erica
D:9:      layout_loops_ring, erik_orc_4, serial_undead, serial_undead_f,
          serial_undead_d, serial_undead_b, serial_undead_c, serial_undead_c
D:10:     minmay_razor_zed, layout_basic, nicolae_hepliaklqana_hazy_memory,
          erik_lair_dragon
D:11:     layout_rooms, gauntlet_entry_generic, serial_ice, serial_ice_b,
          serial_ice_j, serial_ice_o, serial_ice_n, serial_ice_m, serial_ice_h,
          portal_ice_cave_entry_ice_simulacra, enter_trove_2,
          nicolae_blasting_shop, st_stairs_9, minmay_strange_pillars,
          minmay_unpleasant_kobolds
D:12:     layout_gridville
Temple:   nicolae_temple_bog_church
Lair:1:   gammafunk_cloud_chamber, layout_chaotic_city, serial_rivers,
          chequers_serial_rivers_micro_a, chequers_serial_rivers_room_b,
          chequers_serial_rivers_micro_d, chequers_serial_rivers_small_3,
          chequers_serial_rivers_room_b, chequers_serial_rivers_marsh,
          chequers_serial_rivers_micro_a, nicolae_quartered_pool_medium,
          fungi_pond_lemuel, chequers_serial_rivers_room_b
Lair:2:   layout_roguey
Lair:3:   minmay_lair_venomous_thicket, layout_cave_shapes,
          minmay_shoals_entry_lonely_mermaid, spider_nest_entry_rubble,
          ebering_ghost_reflecting_pool
Lair:4:   cheibrodos_lair_overgrown_chateau, layout_gridlike,
          nicolae_slime_entry_slimehenge
Lair:5:   guppyfry_lair_end_dragon, layout_layer_cave,
          hangedman_lair_tendril_chambers, ebering_ghost_xom
Orc:1:    layout_caves, serial_shops, nicolae_square_shop
Orc:2:    st_orc_mages, layout_caves, serial_shops, nicolae_shop_trees,
          uniq_donald

Skill      XL: |  1  2  3  4  5  6  7  8  9 10 11 12 13 14 15 |
---------------+----------------------------------------------+-----
Poison Magic   | 4 5 6 7 8 9 |  9.8
Spellcasting   | 6 8 10 11 14 | 14.6
Fire Magic     | 3 4 5 6 8 9 |  9.9
Transmutations | 3 4 5 7 8 |  8.6
Fighting       | 3 6 8 9 |  9.5
Dodging        | 6 8 |  8.0
Conjurations   | 3 6 9 10 | 10.0
Air Magic      | 3 6 8 9 |  9.6
Shields        | 1 4 |  4.0
Ice Magic      | 1 6 8 |  8.4
Stealth        | |  2.4

Action                   |  1- 3 |  4- 6 |  7- 9 | 10-12 | 13-15 || total
-------------------------+-------+-------+-------+-------+-------++-------
Melee: Short sword       |    37 |    41 |       |       |       ||    78
       Dagger            |       |    27 |    55 |   196 |   159 ||   437
       Punch             |       |       |     1 |     2 |       ||     3
 Cast: Sting             |    20 |     5 |       |       |       ||    25
       Poisonous Vapours |    46 |    53 |    57 |    98 |    80 ||   334
       Ignite Poison     |       |     6 |    30 |   108 |   129 ||   273
       Olgreb's Toxic Ra |       |     2 |     7 |    56 |    52 ||   117
       Mephitic Cloud    |       |       |     7 |    14 |    26 ||    47
       Conjure Flame     |       |       |       |     4 |    14 ||    18
       Freezing Cloud    |       |       |       |       |    33 ||    33
       Sticky Flame      |       |       |       |       |    20 ||    20
       Fulminant Prism   |       |       |       |       |     9 ||     9
Invok: Curse Item        |       |       |       |     1 |     2 ||     3
  Use: Scroll            |       |     1 |     1 |       |     1 ||     3
       Potion            |       |     1 |       |       |     3 ||     4
 Stab: Sleeping          |     2 |       |       |     1 |     3 ||     6
Armor: Robe              |    15 |    15 |    17 |   132 |    83 ||   262
Dodge: Dodged            |    37 |    47 |    70 |   324 |   246 ||   724
Block: Buckler           |       |       |       |       |    61 ||    61
